cohdb
Replays
Latest Replays
All Replays
Popular Replays
Top Player Replays
Match Explorer
How It Works
Community
CoH3 Stats
Reddit
Sign in to upload your games and track your stats! →
Sign in with Steam
Match 39765032
Unlisted
Match 39765032
Overview
Messages
Build Orders
End
Construct Infanterie Kompanie
Pioneer Squad
MG 42 Machine Gun Team
MG 42 Machine Gun Team
Selects Terror Battlegroup
Selects Machine Gun Camouflage
Grenadier Squad
Grenadier Squad
Medical Station
Construct Panzergrenadier Kompanie
251 Medium Carrier
Pak 40 Anti-tank Gun Team
Panzergrenadier Squad
Selects No Quarter
Pioneer Squad
Panzergrenadier Squad
Selects Contempt for the Weak
Construct Panzer Kompanie
Panzer IV Medium Tank
fake taxi
只愛❤毛妹
0
0
Comments
sign in to comment!
No comments posted yet!